 Dungeon Crawl Stone Soup version 0.26-a0-651-gb41185065b (webtiles) character file.

Game seed: 18077001786761496254

192 Lanoc the Twirler (level 5, -1/55 HPs)
             Began as an Ogre Gladiator on Oct 20, 2020.
             Was an Initiate of Wu Jian.
             Slain by a goblin (4 damage)
             ... led by Robin
             ... on level 4 of the Dungeon.
             The game lasted 00:01:44 (1361 turns).

Lanoc the Twirler (Ogre Gladiator)                  Turns: 1361, Time: 00:01:44

Health: -1/55      AC:  3    Str: 18    XL:     5   Next: 71%
Magic:  5/5        EV: 11    Int: 15    God:    Wu Jian [......]
Gold:   41         SH:  0    Dex: 11    Spells: 4/4 levels left

rFire    . . .     SeeInvis .   a - +0 quarterstaff
rCold    . . .     Faith    .   (shield currently unavailable)
rNeg     . . .     Spirit   .   b - +0 robe
rPois    .         Reflect  .   c - +0 hat
rElec    .         Harm     .   (no cloak)
rCorr    .         Rampage  .   (gloves unavailable)
MR       .....                  (boots unavailable)
Stlth    +.........             (no amulet)
HPRegen  0.18/turn              f - +6 ring of intelligence
MPRegen  0.09/turn              (no ring)

@: no status effects
A: large, unfitting armour, tough skin 1
a: Renounce Religion


You were on level 4 of the Dungeon.
You worshipped Wu Jian.
Wu Jian was noncommittal.
You visited 1 branch of the dungeon, and saw 4 of its levels.

You collected 41 gold pieces.

Inventory:

Hand Weapons
 a - a +0 quarterstaff (weapon)
Missiles
 d - 2 throwing nets (quivered)
Armour
 b - a +0 robe (worn)
 c - a +0 hat (worn)
Jewellery
 f - a +6 ring of intelligence (left hand)
Scrolls
 i - a scroll of teleportation {unknown}
 j - a scroll of identify {unknown}
 l - a scroll of fog {unknown}
 m - a scroll of enchant weapon {unknown}
Potions
 e - a potion of magic {unknown}
 g - a potion of brilliance {unknown}
 h - a potion of heal wounds {unknown}
 k - a potion of flight {unknown}


   Skills:
 + Level 4.3 Fighting
 * Level 4.9 Staves
 - Level 2.0 Throwing
 + Level 3.6 Dodging


You had 4 spell levels left.
You didn't know any spells.
Your spell library was empty.

Dungeon Overview and Level Annotations

Branches:
Dungeon (4/15)
 Temple: D:4-7

Altars:
Hepliaklqana
Kikubaaqudgha
Qazlal
Ru
Wu Jian
The Shining One

Annotations:
D:4 Robin


Innate Abilities, Weirdness & Mutations

You are too large for most types of armour.
You have tough skin. (AC +1)


Message History

The goblin hits you with a +0 club.
* * * LOW HITPOINT WARNING * * *
You barely miss the goblin. The goblin hits you with a +0 club.
* * * LOW HITPOINT WARNING * * *
The goblin barely misses you.
Robin roars a battlecry!
The goblin goes into a battle-frenzy!
You sock the goblin!
You kill the goblin!
The Council accepts your kill. The goblin hits you with a +0 club.
* * * LOW HITPOINT WARNING * * *
Things that are here:
a +0 club; a +0 club Robin throws the goblin at you!
You closely miss the goblin.
The hobgoblin no longer looks unusually strong.
The goblin no longer looks unusually strong.
The goblin hits you.
You die...

≈..............≈# #
≈≈≈≈≈≈≈..≈≈≈≈≈≈≈# ...
#########''###########...#
#...####...# ##.......
..#......#########.........
....####..........#........
...## #########.#####...##
..## #g## ..... ..# ##@##
#..?# ..# ##g###..#### ..#
##g#......# ..######
##)g.....# .......#
#g......#. .#####.#
#.g.....!. ..# #.........
..# #......... ..#
#........#


You could see Robin, 2 hobgoblins and 3 goblins.

Vanquished Creatures
  An ogre (D:4)
  A howler monkey (D:4)
  4 adders
  A worm (D:2)
  A leopard gecko (D:3)
  2 orcs (D:3)
  2 ball pythons
  A bat zombie (D:2)
  A giant cockroach (D:3)
  A hobgoblin (D:3)
  5 jackals
  7 goblins
  A leopard gecko skeleton (D:2)
  4 rats
32 creatures vanquished.

Notes
Turn   | Place    | Note
-------+----------+-------------------------------------------
     0 | D:1      | Lanoc the Ogre Gladiator began the quest for the Orb.
     0 | D:1      | Reached XP level 1. HP: 22/22 MP: 1/1
     1 | D:1      | Noticed an electric eel
   176 | D:2      | Reached XP level 2. HP: 27/29 MP: 2/2
   759 | D:3      | Reached XP level 3. HP: 37/37 MP: 3/3
   824 | D:4      | Noticed an ogre
   835 | D:4      | Killed an ogre
   835 | D:4      | Reached XP level 4. HP: 8/48 MP: 4/4
   835 | D:4      | Reached XP level 5. HP: 9/54 MP: 5/5
  1098 | D:4      | Found an ornate altar of the Wu Jian Council.
  1100 | D:4      | Found a sacrificial altar of Ru.
  1105 | D:4      | Found an ancient bone altar of Kikubaaqudgha.
  1105 | D:4      | Found a stormy altar of Qazlal.
  1106 | D:4      | Found a glowing golden altar of the Shining One.
  1108 | D:4      | Found a hazy altar of Hepliaklqana.
  1131 | D:4      | Became a worshipper of the Wu Jian Council
  1336 | D:4      | Noticed Robin
  1361 | D:4      | Slain by a goblin

Illustrated notes

Levels and vault maps discovered:
D:1:      arrival_aquarium_a, layout_basic, minmay_misc_feat_columns
D:2:      layout_basic, serial_undead, serial_undead_c, serial_undead_c,
          serial_undead_d, serial_undead_f, serial_undead_f, serial_undead_b,
          hex_medium, minmay_octomino_e4
D:3:      layout_basic, ebering_ghost_gozag
D:4:      layout_loops_ring, minitemple, kennysheep_dice, uniq_robin

Skill      XL: |  1  2  3 |
---------------+----------+-----
Fighting       | 3 4 |  4.3
Dodging        | 3 |  3.6
Staves         | 4 |  4.9
Throwing       | |  2.0

Action                   |  1- 3 |  4- 6 || total
-------------------------+-------+-------++-------
Melee: Quarterstaff      |    79 |    34 ||   113
Throw: Throwing net      |     1 |       ||     1
 Stab: Sleeping          |       |     1 ||     1
Armor: Robe              |    28 |     5 ||    33
Dodge: Dodged            |    40 |    23 ||    63

Table legend: (Time is in decaauts)
 A = Elapsed time spent in this place.
 B = Non-inter-level travel time spent in this place.
 C = Inter-level travel time spent in this place.
 D = Time resting spent in this place.
 E = Time spent auto-exploring this place.
 F = Levels seen in this place.
 G = Mean time per level.
                   A        B        C        D        E       F      G
               +--------+--------+--------+--------+--------+-----+--------+
         Total |   1371 |   1348 |     23 |      0 |   1095 |   4 |  342.8 |
       Dungeon |   1371 |   1348 |     23 |      0 |   1095 |   4 |  342.8 |
               +--------+--------+--------+--------+--------+-----+--------+

Top non-repeatable levels by time:
     D:4: 550 daAuts
     D:3: 482 daAuts
     D:2: 214 daAuts
     D:1: 124 daAuts
